 Dungeon Crawl Stone Soup version 0.21.1-1-g345015f (webtiles) character file.

4 shakethe the Firebug (level 1, -1/10 HPs)
             Began as a Gargoyle Fire Elementalist on Feb 8, 2018.
             Slain by a kobold (2 damage)
             ... on level 1 of the Dungeon.
             The game lasted 00:00:31 (407 turns).

shakethe the Firebug (Gargoyle Fire Elementalist)    Turns: 407, Time: 00:00:31

Health: -1/10      AC:  4    Str: 11    XL:     1   Next: 70%
Magic:  0/3        EV: 12    Int: 15    God:
Gold:   0          SH:  0    Dex: 10    Spells: 3/4 levels left

rFire    . . .     SeeInvis .   e - +0 club
rCold    . . .     Gourm    .   (no shield)
rNeg     + . .     Faith    .   a - +0 robe
rPois    ∞         Spirit   .   (no helmet)
rElec    +         Reflect  .   (no cloak)
rCorr    .         Harm     .   (no gloves)
MR       .....                  (no boots)
Stlth    ++........             (no amulet)
HPRegen  0.03/turn              (no ring)
MPRegen  0.08/turn              (no ring)

@: very slightly contaminated
A: negative energy resistance 1, electricity resistance, unbreathing,
petrification resistance, rot immunity, AC +2
a: no special abilities


You were on level 1 of the Dungeon.
You were not hungry.

You visited 1 branch of the dungeon, and saw 1 of its levels.

Inventory:

Hand Weapons
 e - a +0 club (weapon)
   (You took it off a goblin on level 1 of the Dungeon)
Armour
 a - a +0 robe (worn)
 d - a cursed +0 cloak
   (You found it on level 1 of the Dungeon)
Scrolls
 f - 3 scrolls of amnesia {unknown}
Books
 b - a book of Flames
Comestibles
 c - a ration


   Skills:
 - Level 1.5 Dodging
 - Level 2.1 Stealth
 + Level 2.1 Spellcasting
 + Level 1.3 Conjurations
 * Level 3.1 Fire Magic


You had 3 spell levels left.
You knew the following spells:

 Your Spells              Type           Power        Failure   Level  Hunger
a - Flame Tongue          Conj/Fire      #....        9%          1    #......


Dungeon Overview and Level Annotations

Branches:
Dungeon (1/15)

Altars:


Innate Abilities, Weirdness & Mutations

You are resistant to torment.
Your stone body is resilient. (AC +2)
You are immune to poison.
You resist negative energy. (rN+)
You are resistant to electric shocks. (rElec)
You can survive without breathing.
You are immune to petrification.
You are immune to rotting.


Message History

Welcome, shakethe the Gargoyle Fire Elementalist.
It is said that the Orb of Zot exists deep within this dungeon.
Found a staircase leading out of the dungeon.
d - a glowing cloak A goblin comes into view.
It is wielding a club.
A goblin is nearby!
The goblin shouts!
You hear an angry hiss.
A leopard gecko comes into view.
Aim: a goblin, wielding a club The flame tongue hits the goblin.
You kill the goblin!
You now have 2/3 mp.
Things that are here:
a club; a goblin corpse
e - a club
e - a +0 club (weapon)
The leopard gecko bites you but does no damage.
You barely miss the leopard gecko.
The leopard gecko bites you but does no damage.
You hit the leopard gecko. The leopard gecko bites you. x2
You take 4 damage, and have 6/10 hp.
MASSIVE DAMAGE!!
You hit the leopard gecko.
You kill the leopard gecko!
You start resting.
Health restored: 10; MP restored: 3 A hobgoblin comes into view.
It is wielding a club.
A hobgoblin is nearby!
The hobgoblin shouts!
You see here 3 scrolls labeled BEICLY VEMA.
Aim: a hobgoblin, wielding a club The flame tongue misses the hobgoblin.
You now have 2/3 mp.
The hobgoblin hits you but does no damage.
You barely miss the hobgoblin. The hobgoblin hits you with a club.
You take 1 damage, and have 9/10 hp.
You barely miss the hobgoblin. The hobgoblin barely misses you.
You barely miss the hobgoblin. The hobgoblin barely misses you.
The hobgoblin closely misses you.
You closely miss the hobgoblin. The hobgoblin barely misses you.
You barely miss the hobgoblin.
The hobgoblin hits you but does no damage.
You barely miss the hobgoblin. The hobgoblin closely misses you.
You barely miss the hobgoblin.
The hobgoblin hits you but does no damage.
You completely miss the hobgoblin. The hobgoblin closely misses you.
The hobgoblin barely misses you.
MP restored: 3 You closely miss the hobgoblin.
The hobgoblin hits you but does no damage.
You hit the hobgoblin but do no damage. The hobgoblin hits you with a club.
You take 2 damage, and have 7/10 hp.
You completely miss the hobgoblin. The hobgoblin hits you with a club.
You take 2 damage, and have 5/10 hp.
You closely miss the hobgoblin. The hobgoblin closely misses you.
You hit the hobgoblin but do no damage. The hobgoblin hits you with a club.
* * * LOW HITPOINT WARNING * * *
You hit the hobgoblin but do no damage.
The hobgoblin hits you but does no damage.
The hobgoblin barely misses you.
You take 2 damage, and have 3/10 hp.
You hit the hobgoblin.
You kill the hobgoblin!
You see here a club.
You see here a club.
f - 3 scrolls labeled BEICLY VEMA
There are no items here.
You start resting.
Health restored: 10 A kobold comes into view.
A kobold is nearby!
A kobold comes into view.
Aim: a kobold The flame tongue hits the kobold.
The kobold shouts!
You hear a shout!
You now have 2/3 mp.
You barely miss the kobold. The kobold hits you but does no damage.
A kobold comes into view. It is wielding a dagger.
You closely miss the kobold. The kobold hits you. x2
You take 2 damage, and have 8/10 hp.
You barely miss the kobold. The kobold closely misses you.
The kobold completely misses you. The kobold barely misses you.
You barely miss the kobold. The kobold hits you. The kobold closely misses you.
The kobold barely misses you.
You take 3 damage, and have 5/10 hp.
MASSIVE DAMAGE!!
Aim: a kobold (moderately wounded)
You miscast Flame Tongue.
You are very lightly contaminated with residual magic.
Nothing appears to happen.
The kobold closely misses you. The kobold hits you.
* * * LOW HITPOINT WARNING * * *
You take 3 damage, and have 2/10 hp.
MASSIVE DAMAGE!!
You now have 1/3 mp.
Aim: a kobold (moderately wounded)
The flame tongue hits the kobold.
The kobold hits you.
* * * LOW HITPOINT WARNING * * *
The kobold hits you.
You die...

.........+ ........
....... ..... # .... .#
#.# #.K##..# #.#
#.KK...# #.#########.@#
..# #............##..#
####................##
.......................
#####...................
...........)............
....########............
....# #............
....# #............


You could see 3 kobolds.

Vanquished Creatures
  A leopard gecko (D:1)
  A goblin (D:1)
  A hobgoblin (D:1)
3 creatures vanquished.

Notes
Turn   | Place    | Note
-------+----------+-------------------------------------------
     0 | D:1      | shakethe the Gargoyle Fire Elementalist began the quest for the Orb.
     0 | D:1      | Reached XP level 1. HP: 10/10 MP: 3/3
   406 | D:1      | HP: 2/10 [kobold (3)]
   407 | D:1      | Slain by a kobold

Action                   || total
-------------------------++-------
Melee: Club              ||    22
 Cast: Flame Tongue      ||     4
Armor: Robe              ||     8
Dodge: Dodged            ||    15

Vault maps used:
D:1:      dpeg_arrival_solitude, minmay_misc_feat_cross, minmay_door_square

Table legend:
 A = Turns spent in this place as a percentage of turns spent in the entire game.
 B = Non-inter-level travel turns spent in this place as a percentage of non-inter-level travel turns spent in the entire game.
 C = Inter-level travel turns spent in this place as a percentage of turns spent in this place.
 D = Turns resting spent in this place as a percentage of non-inter-level travel turns spent in this place.
 E = Turns spent auto-exploring this place as a percentage of non-inter-level travel turns spent in this place.
 F = Non-inter-level travel turns spent in this place divided by the number of levels of this place that you've seen.
                   A       B       C       D       E      F
               +-------+-------+-------+-------+-------+----------------------
         Total | 100.0 | 100.0 |   0.0 |  69.3 |  13.8 | 407.0
       Dungeon | 100.0 | 100.0 |   0.0 |  69.3 |  13.8 | 407.0
               +-------+-------+-------+-------+-------+----------------------

Table legend:
 A = Kills in this place as a percentage of kills in entire the game.
 B = Kills by you in this place as a percentage of kills by you in the entire game.
 C = Kills by friends in this place as a percentage of kills by friends in the entire game.
 D = Other kills in this place as a percentage of other kills in the entire game.
 E = Experience gained in this place as a percentage of experience gained in the entire game.
 F = Experience gained in this place divided by the number of levels of this place that you have seen.
                   A       B       C       D       E      F
               +-------+-------+-------+-------+-------+----------------------
         Total | 100.0 | 100.0 |   N/A |   N/A | 100.0 |   7.0
       Dungeon | 100.0 | 100.0 |   N/A |   N/A | 100.0 |   7.0
               +-------+-------+-------+-------+-------+----------------------
